 Dungeon Crawl Stone Soup version 0.16-a0-3712-g87ae24a (console) character file.

27 MrRokkomies the Insei (level 3, -2/24 HPs)
             Began as an Octopode Transmuter on Jan 20, 2015.
             Killed by nerve-wracking pain
             ... invoked by an orc priest
              (12 damage)
             ... on level 4 of the Dungeon.
             The game lasted 00:05:26 (1259 turns).

MrRokkomies the Insei (Octopode Transmuter)         Turns: 1259, Time: 00:05:27

Health: -2/24      AC:  1    Str:  9    XL:     3   Next: 10%
Magic:  5/6        EV: 12    Int: 16    God:
Gold:   57         SH:  0    Dex: 12    Spells: 1 memorised, 5 levels left

rFire  . . .     SeeInvis .       - Unarmed
rCold  + . .     Clarity  .     (no shield)
rNeg   . . .     SustAb   .     (helmet restricted)
rPois  .         Gourm    .     (no amulet)
rElec  .         Spirit   .     e - ring of protection from magic
rCorr  .         Warding  .     j - ring of protection from cold
rMut   .         Stasis   .     (no ring)
MR     +....                    (no ring)
Stlth  +++.......               (no ring)
                                (no ring)
                                (no ring)
                                (no ring)

@: appendage (expiring), somewhat resistant to hostile enchantments, fairly
stealthy
A: almost no armour, amphibious, 8 rings, constrict 8, tentacle spike 3,
camouflage 1, gelatinous body 1
a: End Transformation


You were on level 4 of the Dungeon.
You were not hungry.
One of your tentacles had a temporary spike.
You visited 1 branch of the dungeon, and saw 3 of its levels.

You collected 57 gold pieces.

Inventory:

Missiles
 b - 12 arrows
 c - 29 stones (quivered)
 p - 14 poisoned needles
Jewellery
 e - a ring of protection from magic (left tentacle)
 j - a ring of protection from cold (right tentacle)
 o - an uncursed ring of fire
Scrolls
 m - a scroll of remove curse
 r - a scroll of identify
Potions
 h - a potion of resistance
 i - a potion of flight
 k - 2 potions of might
 q - a potion of cure mutation
Books
 d - a book of Changes

   Spells                             Type                      Level
   a - Beastly Appendage              Transmutation                1
   b - Sticks to Snakes               Transmutation                2
   c - Spider Form                    Transmutation/Poison         3
   d - Ice Form                       Ice/Transmutation            4
   e - Blade Hands                    Transmutation                5
 g - a book of Envenomations

   Spells                             Type                      Level
   a - Spider Form                    Transmutation/Poison         3
   b - Alistair's Intoxication        Transmutation/Poison         4
   c - Olgreb's Toxic Radiance        Poison                       4
   d - Poisonous Cloud                Conjuration/Poison/Air       6
Comestibles
 a - 2 bread rations
 f - 5 fruits
 l - 3 meat rations
 n - 2 slices of pizza


   Skills:
 * Level 1.8 Fighting
 - Level 2.0 Dodging
 + Level 1.7 Stealth
 * Level 3.5 Unarmed Combat
 - Level 2.0 Spellcasting
 - Level 2.0 Transmutations


You had 5 spell levels left.
You knew the following spells:

 Your Spells              Type           Power        Failure   Level  Hunger
a - Beastly Appendage     Trmt           #.....       10%         1    #......


Dungeon Overview and Level Annotations

Branches:
Dungeon (4/15)
 Temple: D:4-7

Altars:
Qazlal
Sif Muna


Innate Abilities, Weirdness & Mutations

You cannot wear most types of armour.
You are amphibious.
You can wear up to eight rings at the same time.
You can use your tentacles to constrict many enemies at once.
Your skin changes colour to match your surroundings (Stealth).
Your rubbery body absorbs attacks (AC +1).
One of your tentacles bears a large vicious spike.


Message History

Casting: Beastly Appendage
Confirm with . or Enter, or press ? or * to list all spells.
One of your tentacles grows a vicious spike.
The orc priest calls down the wrath of Beogh upon you.
Pain shoots through your body!
You tentacle-slap the orc priest. Your grab misses the orc priest.
The orc priest is lightly wounded.
The orc priest misses you.
You tentacle-slap the orc priest but do no damage.
Your grab misses the orc priest.
You pierce the orc priest.
The orc priest is lightly wounded.
Your transformation is almost over.
The orc priest closely misses you.
You closely miss the orc priest. You grab the orc priest.
The orc priest is lightly wounded.
You constrict the orc priest.
The orc priest invokes the aid of Beogh against you.
Pain shoots through your body!
Ouch! That really hurt!
You die...

...........
#..........
........ .....
###''# #....##
#.....# #.o...#
#.....#
######o...#
#....@....#
#..............#
..............#
.................
.................≈
...............#
.#...#########
#... .


You could see an orc priest and an orc.

Vanquished Creatures
  A giant gecko (D:1)
  An orc (D:4)
  4 hobgoblins (D:1)
  3 jackals (D:2)
  A ball python (D:1)
  2 bats
  A giant cockroach (D:2)
  3 giant newts
  7 goblins
  2 rats
25 creatures vanquished.

Notes
Turn   | Place    | Note
--------------------------------------------------------------
     0 | D:1      | MrRokkomies, the Octopode Transmuter, began the quest for the Orb.
     0 | D:1      | Reached XP level 1. HP: 13/13 MP: 3/3
   213 | D:1      | Reached skill level 1 in Stealth
   238 | D:1      | Reached XP level 2. HP: 16/18 MP: 4/4
  1136 | D:2      | Found a deep blue altar of Sif Muna.
  1136 | D:2      | Found a stormy altar of Qazlal.
  1175 | D:2      | Reached XP level 3. HP: 20/24 MP: 6/6
  1239 | D:2      | You fall through a shaft for 2 floors!
  1259 | D:4      | Killed from afar by an orc priest

Action                   || total
-------------------------++-------
Melee: Unarmed           ||    56
 Cast: Beastly Appendage ||     2
  Use: Scroll            ||     7
       Potion            ||     1
 Stab: Sleeping          ||     4
  Eat: Chunk             ||     1
